 Dungeon Crawl Stone Soup version 0.30-b1-2-g02819fbbbe (webtiles) character file.

Game seed: 795565693357713885

23949 redmage the Summoner (level 13, -3/105 HPs)
             Began as a Meteoran Ice Elementalist on Aug 15, 2023.
             Was a High Priest of Cheibriados.
             Slain by a yak (5 damage)
             ... on level 5 of the Lair of Beasts on Aug 16, 2023.
             The game lasted 01:17:28 (3451 turns).

redmage the Summoner (Meteoran Ice Elementalist)    Turns: 3451, Time: 01:17:29

Health: -3/105     AC: 13    Str: 32    XL:     13   Next: 73%
Magic:  12/26      EV: 16    Int: 40    God:    Cheibriados [*****.]
Gold:   445        SH:  9    Dex: 28    Spells: 2/29 levels left

rFire   + + .        s - +3 war axe of Ivyetu Natey {freeze, *Noise rCorr Str+8 Stlth+}
rCold   + . .        D - +2 buckler {rC+}
rNeg    + . .        i - +5 ring mail "Kadirr" {rF++ rN+ rCorr}
rPois   .            c - +0 helmet
rElec   .            (no cloak)
rCorr   +            (no gloves)
SInv    .            E - +0 pair of boots
Will    +....        (no amulet)
Stlth   ++           q - +6 ring of intelligence
HPRegen 0.37/turn    (no ring)
MPRegen 0.20/turn

%: no passive effects
@: forested, glowing, very slow
A: sense surroundings 2, otherworldly, glowing, explore regen
a: Renounce Religion, Bend Time, Temporal Distortion, Slouch, Step From Time


You were on level 5 of the Lair of Beasts.
You worshipped Cheibriados.
Cheibriados was extremely pleased with you.
You visited 3 branches of the dungeon, and saw 16 of its levels.
You also visited: Ice Cave.

You collected 505 gold pieces.
You spent 60 gold pieces at shops.

Inventory:

Hand Weapons
 e - a +2 whip of electrocution
 s - the +3 war axe of Ivyetu Natey (weapon) {freeze, *Noise rCorr Str+8 Stlth+}
   (You took it off an orc on level 5 of the Dungeon)

   Str:       It affects your strength (+8).
   *Noise:    It may make noises in combat.
   rCorr:     It protects you from acid and corrosion.
   Stlth:     It makes you more stealthy.
 u - the +11 Singing Sword {sonic wave}
   (You found it on level 5 of the Dungeon)
Missiles
 t - a throwing net
Armour
 c - a +0 helmet (worn)
 g - a +1 robe of the Archmagi
 i - the +5 ring mail "Kadirr" (worn) {rF++ rN+ rCorr}
   (You found it on level 3 of the Lair of Beasts)

   rF:        It greatly protects you from fire.
   rN:        It protects you from negative energy.
   rCorr:     It protects you from acid and corrosion.
 D - a +2 buckler of cold resistance (worn)
 E - a +0 pair of boots (worn)
Magical Staves
 A - a staff of earth
Jewellery
 q - a +6 ring of intelligence (left hand)
Wands
 m - a wand of iceblast (11)
 o - a wand of digging (3)
 p - a wand of paralysis (6)
 v - a wand of polymorph (4)
Scrolls
 d - a scroll of amnesia
 f - a scroll of vulnerability
 j - 2 scrolls of magic mapping
 k - 2 scrolls of immolation
 l - a scroll of teleportation
Potions
 a - a potion of lignification
 b - a potion of magic
 h - a potion of heal wounds
 n - a potion of curing
 r - a potion of brilliance
 w - a potion of mutation
 x - 2 potions of invisibility {unknown}
 z - 2 potions of attraction {unknown}
 B - 3 potions of flight {unknown}


   Skills:
 - Level 7.1 Fighting
 - Level 5.6 Long Blades
 - Level 6.3(7.0) Axes
 - Level 5.0(6.7) Maces & Flails
 - Level 5.0 Armour
 - Level 5.7 Dodging
 - Level 1.9 Stealth
 - Level 6.0 Shields
 + Level 8.7 Spellcasting
 - Level 12.0 Summonings
 * Level 8.9 Necromancy
 - Level 5.0 Translocations
 - Level 9.1 Ice Magic
 - Level 4.6 Invocations


You had 2 spell levels left.
You knew the following spells:

 Your Spells              Type           Power      Damage    Failure   Level
b - Frozen Ramparts       Ice            100%       1d16      1%          3
c - Ozocubu's Armour      Ice            74%        N/A       1%          3
d - Summon Ice Beast      Ice/Summ       80%        N/A       1%          4
e - Summon Cactus Giant   Summ           42%        N/A       3%          6
f - Summon Forest         Summ/Tloc      35%        N/A       2%          5
g - Death Channel         Necr           36%        N/A       12%         6

Your spell library contained the following spells:

 Spells                   Type           Power      Damage    Failure   Level
 Freeze                   Ice            100%       1d10      1%          1
 Blink                    Tloc           100%       N/A       1%          2
 Cigotuvi's Dreadful Rot  Necr/Pois/Air  82%        N/A       1%          2
 Magic Dart               Conj           68%        1d6       3%          1
 Searing Ray              Conj           34%        2d5       4%          2
 Dispel Undead            Necr           73%        3d24      1%          4
 Manifold Assault         Tloc           55%        N/A       4%          4
 Summon Mana Viper        Hex/Summ       60%        N/A       8%          5
 Fulminant Prism          Conj/Hex       8%         3d7       30%         4
 Storm Form               Tmut/Air       8%         N/A       100%        7


Dungeon Overview and Level Annotations

Branches:
Dungeon (10/15) Zot: 6007  Temple (1/1) D:7 Zot: 845    Lair (5/5) D:8 Zot: 3072
 Spider (0/4) Lair:3          Orc (0/2) D:9           IceCv (visited)
  Swamp: Lair:2-3    Shoals: Lair:2-3     Slime: Lair:4-5

Altars:
Cheibriados
Elyvilon
Fedhas
Nemelex Xobeh
Qazlal
Ru
Uskayaw
Yredelemnul
The Shining One

Shops:
D:5 [   D:6 *   D:7 *

Annotations:
D:9 Erolcha


Innate Abilities, Weirdness & Mutations

You passively map the area around you.
You are easily found by Zot.
You glow in the dark.
You regain HP and MP as you explore.


Message History

You feel very sick.
The boggart gestures wildly while chanting.
The skyshark completely misses you. The skyshark barely misses you.
You block the skyshark's attack. The skyshark bites you!
* * * LOW HITPOINT WARNING * * *
The skyshark tail-slaps you.
* * * LOW HITPOINT WARNING * * *
The skyshark misses you.
Your surroundings suddenly seem different.
You feel sick.
You feel sick.
You feel sick.
You feel sick.
You feel sick.
A yak comes into view.
You feel sick.
You are no longer poisoned.
A spriggan and a yak come into view.
The yak bellows!
You hear a bellow!
The yak bellows!
A yak comes into view. x2
Casting: Summon Ice Beast (safe; 1% risk of failure)
Confirm with . or Enter, or press ? or * to list all spells.
A forested plane collides here with a resounding crunch!
Your dryad calls out to the forest.
The forest starts to sway and rumble!
The yak bellows!
A yak comes into view.
Unknown command.
Casting: Summon Forest (dangerous; 2% risk of failure)
Confirm with . or Enter, or press ? or * to list all spells.
The yak completely misses you.
Unknown command.
The spriggan attacks as you move away! The spriggan hits you with a +0 dagger!
* * * LOW HITPOINT WARNING * * *
The yak attacks as you move away! The yak gores you!
* * * LOW HITPOINT WARNING * * *
The yak is hit by a branch! x2; A tree reaches out and hits the yak! x2
The spriggan hits you but does no damage.
Your dryad barely misses the spriggan.
The yak gores you.
You die...

♣.. * #
#....~~~~~....... , ,
#.. ,
##................ , *
...
*#................... ,
#................... *
* *
♣##.##............... ,
,
#.####...♣..♣........#
* ,
♣♣...#....#...........#
, ,
..YY...♣R..............
* ,
.Y.Y...i@♣............P
..#♣.♣.YC..............
,, *
####...♣.♣.......... *
♣...♣.♣.......... * *
###..♣#.P.........# *
,, *
#....♣.......#....#*
,,*
###...........#...####,
,
#...P#.#......#.#......
*
*#......#......##......


You could see 5 yaks, a spriggan, a friendly dryad (summoned) and a friendly
cactus giant (summoned).

Vanquished Creatures
  4 elephants (Lair:5)
  2 cane toads (Lair:4)
  A rime drake (Lair:1)
  2 komodo dragons (Lair:1)
  Grinder (D:5)
  Prince Ribbit (D:5)
  8 slime creatures (IceCv)
  2 wyverns
  Grum (D:9)
  A spriggan (Lair:5)
  12 yaks
  A warg (D:9)
  8 water moccasins
  A sky beast (D:8)
  An ice beast (D:6)
  12 wolves
  2 black bears
  A boggart (Lair:5)
  A centaur (D:9)
  2 ogres
  Blork the orc (D:4)
  4 bullfrogs
  3 scorpions
  5 killer bees (D:9)
  A howler monkey (D:5)
  An orc priest (D:9)
  A jelly (D:7)
  2 hounds (D:4)
  A sleepcap (D:5)
  4 orc wizards
  Ijyb (D:3)
  A hell rat (Lair:3)
  3 adders
  2 dart slugs
  12 orcs
  6 ball pythons
  5 endoplasms
  2 giant cockroaches
  4 goblins
  3 hobgoblins
  3 jackals (D:5)
  4 kobolds (D:1)
  A quokka (D:4)
  7 bats
  A frilled lizard (D:1)
  2 rats
144 creatures vanquished.

Vanquished Creatures (collateral kills)
  A quicksilver ooze (IceCv)
  3 skysharks
  An ice statue (IceCv)
  A black mamba (Lair:4)
  4 cane toads
  A komodo dragon (Lair:1)
  2 ice devils (Lair:3)
  7 polar bears
  A hornet (Lair:5)
  10 spriggans
  4 yaks (Lair:5)
  7 slime creatures (IceCv)
  A wyvern (Lair:5)
  A steam dragon (D:8)
  An acid dragon (D:8)
  2 water moccasins (D:8)
  2 black bears
  A boggart (Lair:5)
  3 centaurs
  2 great orb of eyes simulacra (IceCv)
  An ogre (D:5)
  17 wolves
  4 slime creature simulacra (IceCv)
  3 bullfrogs
  3 glowing shapeshifter simulacra (IceCv)
  A killer bee (D:9)
  A howler monkey (D:5)
  2 hounds (D:5)
  3 orc priests
  A jelly (Lair:5)
  A sleepcap (D:5)
  An iguana (D:5)
  3 orc wizards (D:5)
  4 shapeshifter simulacra (IceCv)
  A hell rat (Lair:3)
  2 adders (D:5)
  5 river rats (Lair:3)
  10 orcs
  A rat (Lair:3)
119 creatures vanquished.

Vanquished Creatures (others)
  49 fungi
  40 plants
89 creatures vanquished.

Grand Total: 352 creatures vanquished

Notes
Turn   | Place    | Note
-------+----------+-------------------------------------------
     0 | D:1      | redmage the Meteoran Ice Elementalist began the quest for
                  | the Orb.
     0 | D:1      | Reached XP level 1. HP: 14/14 MP: 5/5
    34 | D:1      | Reached XP level 2. HP: 16/20 MP: 0/6
    77 | D:2      | Reached XP level 3. HP: 26/26 MP: 2/8
    81 | D:2      | Learned a level 3 spell: Frozen Ramparts
    85 | D:2      | Learned a level 3 spell: Ozocubu's Armour
   248 | D:2      | Reached XP level 4. HP: 33/33 MP: 9/9
   262 | D:3      | Identified the +2 robe of Voplaent {rCorr Str+2}
   302 | D:3      | Reached skill level 5 in Ice Magic
   368 | D:3      | Noticed Ijyb
   377 | D:3      | Killed Ijyb
   378 | D:3      | Reached XP level 5. HP: 35/38 MP: 1/11
   432 | D:4      | Learned a level 4 spell: Summon Ice Beast
   463 | D:5      | Entered Level 5 of the Dungeon
   529 | D:4      | Reached XP level 6. HP: 45/45 MP: 9/13
   554 | D:4      | Found a sacrificial altar of Ru.
   560 | D:4      | Found a sparkling altar of Nemelex Xobeh.
   589 | D:4      | Noticed Blork the orc
   603 | D:4      | Killed Blork the orc
   604 | D:4      | Reached skill level 2 in Summonings
   760 | D:5      | Reached skill level 3 in Summonings
   766 | D:5      | Found Jeenn's Armour Emporium.
   767 | D:5      | Noticed an ogre
   772 | D:5      | Killed an ogre
   773 | D:5      | Reached skill level 4 in Summonings
   773 | D:5      | Reached XP level 7. HP: 50/50 MP: 7/14
   805 | D:5      | Found a stormy altar of Qazlal.
   908 | D:5      | Identified the +3 war axe of Ivyetu Natey {freeze, *Noise
                  | rCorr Str+8 Stlth+}
   908 | D:5      | Noticed Grinder
   927 | D:5      | Paralysed by Grinder for 4 turns
   935 | D:5      | Killed Grinder
   936 | D:5      | Reached skill level 6 in Summonings
   936 | D:5      | Reached skill level 1 in Fighting
   949 | D:5      | Reached XP level 8. HP: 61/61 MP: 7/15
  1064 | D:5      | Reached skill level 5 in Fighting
  1064 | D:5      | Gained mutation: You passively map the area around you.
                  | [Meteoran growth]
  1064 | D:5      | Reached XP level 9. HP: 50/74 MP: 8/16
  1084 | D:5      | Found the +11 Singing Sword {sonic wave}
  1139 | D:5      | Noticed Prince Ribbit
  1149 | D:5      | Killed Prince Ribbit
  1296 | D:6      | Found Ea-nāṣir's Fine Metal Goods.
  1341 | D:6      | Found a glowing golden altar of the Shining One.
  1341 | D:6      | Found a white marble altar of Elyvilon.
  1352 | D:7      | Found Zohunur's General Store.
  1381 | D:7      | Bought a scroll of amnesia for 60 gold pieces
  1392 | D:7      | Found a staircase to the Ecumenical Temple.
  1404 | Temple   | Entered the Ecumenical Temple
  1424 | Temple   | Became a worshipper of Cheibriados the Contemplative
  1473 | D:7      | Reached skill level 1 in Long Blades
  1473 | D:7      | Reached skill level 1 in Invocations
  1734 | D:8      | Reached XP level 10. HP: 76/86 MP: 9/17
  1757 | D:8      | Found a staircase to the Lair.
  1823 | D:9      | Reached skill level 5 in Long Blades
  1843 | D:9      | Reached skill level 5 in Dodging
  1868 | D:9      | Found a staircase to the Orcish Mines.
  1879 | D:9      | Noticed Erolcha
  1890 | D:9      | Reached * piety under Cheibriados
  1917 | D:9      | Learned a level 6 spell: Summon Cactus Giant
  1935 | D:9      | Reached skill level 1 in Maces & Flails
  1946 | D:10     | Entered Level 10 of the Dungeon
  1975 | D:9      | Reached skill level 7 in Summonings
  1977 | D:9      | Reached skill level 5 in Maces & Flails
  1978 | D:9      | Reached skill level 8 in Summonings
  1984 | D:9      | Reached XP level 11. HP: 55/92 MP: 11/18
  1993 | D:9      | Reached ** piety under Cheibriados
  2001 | D:9      | Reached skill level 9 in Summonings
  2037 | D:9      | Noticed Grum
  2046 | D:9      | Killed Grum
  2047 | D:9      | Reached skill level 5 in Spellcasting
  2047 | D:9      | Reached skill level 10 in Summonings
  2146 | Lair:1   | Entered Level 1 of the Lair of Beasts
  2172 | Lair:1   | Reached skill level 11 in Summonings
  2183 | Lair:1   | Learned a level 5 spell: Summon Forest
  2199 | Lair:1   | Reached *** piety under Cheibriados
  2342 | Lair:3   | Found a hole to the Spider Nest.
  2370 | Lair:4   | Noticed a black mamba
  2422 | Lair:3   | Reached skill level 1 in Axes
  2422 | Lair:3   | Reached skill level 1 in Translocations
  2481 | Lair:3   | Identified the +5 ring mail "Kadirr" {rF++ rN+ rCorr}
  2513 | Lair:3   | Noticed a skyshark
  2523 | Lair:3   | Killed a skyshark
  2524 | Lair:3   | Reached skill level 1 in Armour
  2556 | Lair:3   | Reached XP level 12. HP: 100/100 MP: 18/24
  2560 | Lair:3   | Found a frozen archway.
  2569 | IceCv    | Entered an ice cave
  2572 | IceCv    | Reached **** piety under Cheibriados
  2591 | IceCv    | Learned a level 6 spell: Death Channel
  2620 | IceCv    | Reached skill level 1 in Necromancy
  2708 | IceCv    | Noticed a quicksilver ooze
  2710 | IceCv    | Killed a quicksilver ooze
  2711 | IceCv    | Reached skill level 1 in Shields
  2926 | IceCv    | Noticed a quicksilver ooze
  2926 | IceCv    | Noticed an azure jelly
  2928 | IceCv    | Noticed a quicksilver ooze
  3022 | Lair:4   | Reached ***** piety under Cheibriados
  3080 | Lair:5   | Entered Level 5 of the Lair of Beasts
  3096 | Lair:5   | Noticed a skyshark
  3103 | Lair:5   | Killed a skyshark
  3127 | Lair:5   | Reached skill level 12 in Summonings
  3127 | Lair:5   | Reached XP level 13. HP: 93/105 MP: 14/26
  3130 | Lair:5   | Reached skill level 5 in Armour
  3132 | Lair:5   | Reached skill level 5 in Shields
  3134 | Lair:5   | Reached skill level 5 in Necromancy
  3242 | Lair:5   | Reached skill level 5 in Axes
  3245 | Lair:5   | Reached skill level 5 in Translocations
  3437 | Lair:5   | Noticed a six-headed hydra
  3451 | Lair:5   | HP: 2/105 [yak (12)]
  3451 | Lair:5   | Slain by a yak

Illustrated notes

Levels and vault maps discovered:
D:1:      dpeg_arrival_rooms_a, layout_rooms, st_stairs_11
D:2:      layout_loops_ring, minmay_heptomino_h4, uniq_crazy_yiuf_cottage
D:3:      layout_rooms, minmay_unequal, uniq_ijyb
D:4:      layout_cave_pods, minitemple, uniq_blork_the_orc
D:5:      old_forge, layout_basic, grunt_qazlal_sundering, serial_shops, shop,
          uniq_grinder, uniq_prince_ribbit1
D:6:      layout_cave_pools, nicolae_overflow_two_pavilions,
          nicolae_ea-nasir_strikes_again
D:7:      layout_basic, minmay_temple_entry_drinking_statues, serial_shops,
          shop, shop, nicolae_shop_advertising_works
          [nicolae_subvault_shop_adworks], biasface_ghost_orc_armoury,
          item_on_display_a
D:8:      layout_cave_pods, due_lair_maze_entry_diamond,
          kennysheep_generic_room_5
D:9:      layout_gridville, erik_orc_4, uniq_grum, uniq_erolcha
D:10:     layout_loops_corners, gammafunk_ghost_wrathful_warriors, serial_bayou,
          serial_bayou_pond_e, serial_bayou_ford_a, serial_bayou_crossing,
          serial_bayou_shore_b, serial_bayou_pond_e, serial_bayou_lake_a,
          nicolae_take_the_stairs, hex_medium
Temple:   minmay_crystal_spiral_temple
Lair:1:   layout_loops_ring, basic_altar
Lair:2:   layout_chaotic_city, palyth_hydra_swamp_entry, hibernation_bobbens
Lair:3:   layout_misc_corridors, spider_nest_entry_funnel_web,
          portal_ice_cave_demonic_guard, nicolae_lair_lil_pond,
          chequers_serial_rivers_micro_c, kennysheep_rathole
Lair:4:   layout_regular_city, nicolae_slime_entry_field_trip,
          forest_entry_grove, grunt_megastairs_3
Lair:5:   minmay_lair_end_enchanted_forest, layout_gridlike

Skill      XL: |  1  2  3  4  5  6  7  8  9 10 11 12 13 |
---------------+----------------------------------------+-----
Spellcasting   | 3 4 7 8 |  8.7
Dodging        | 3 4 5 |  5.7
Ice Magic      | 5 6 7 9 |  9.1
Summonings     | 4 6 8 11 12 | 12.0
Fighting       | 2 5 7 |  7.1
Long Blades    | 3 5 |  5.6
Invocations    | 2 4 |  4.6
Maces & Flails | 5 |  5.0
Axes           | 2 4 6 |  6.3
Translocations | 2 4 5 |  5.0
Armour         | 1 4 5 |  5.0
Necromancy     | 4 8 |  8.9
Shields        | 4 6 |  6.0
Stealth        | |  1.9

Action                     |  1- 3 |  4- 6 |  7- 9 | 10-12 | 13-15 || total
---------------------------+-------+-------+-------+-------+-------++-------
  Melee: Unarmed           |     4 |       |       |       |       ||     4
         Whip              |     2 |    10 |    40 |    84 |       ||   136
         Punch             |     1 |       |       |     1 |       ||     2
         Dagger            |     1 |       |       |       |       ||     1
         Double sword      |       |       |    12 |     7 |       ||    19
         War axe           |       |       |       |    59 |    38 ||    97
   Fire: Sling             |     4 |       |       |       |       ||     4
   Cast: Freeze            |    23 |     7 |     1 |     1 |       ||    32
         Frozen Ramparts   |     2 |    10 |    13 |    22 |     1 ||    48
         Ozocubu's Armour  |       |     4 |     7 |    17 |     5 ||    33
         Summon Ice Beast  |       |       |     7 |    24 |     7 ||    38
         Summon Cactus Gia |       |       |       |    24 |    10 ||    34
         Summon Forest     |       |       |       |     1 |     2 ||     3
 Invoke: Slouch            |       |       |       |       |     1 ||     1
  Evoke: Wand              |       |     1 |       |     5 |     3 ||     9
    Use: Scroll            |       |     2 |     8 |    10 |     2 ||    22
         Potion            |       |       |       |     2 |     1 ||     3
   Stab: Distracted        |       |       |     1 |       |       ||     1
         Held in net/web   |       |       |     1 |       |       ||     1
 Armour: Robe              |    12 |     6 |    12 |       |       ||    30
         Leather armour    |       |       |     6 |    51 |       ||    57
         Ring mail         |       |       |       |    30 |    43 ||    73
  Dodge: Dodged            |    17 |    17 |    19 |   139 |    56 ||   248
  Block: Buckler           |       |       |       |    34 |    42 ||    76
